TOP OF THE 1ST |
---|
Topeka Tornados batting - Pitching for Louisville Bats : RHP Bennie Jones | Pitching: RHP Bennie Jones | | Batting: RHB Rusty Bennett | 0-0: Ball 1-0: Ball 2-0: Ground out 5-3 (Groundball, 56) | Batting: SHB Giancarlo Giannini | 0-0: Called Strike 0-1: Ball 1-1: Ball 2-1: Ground out 6-3 (Groundball, 6) | Batting: LHB Edward Rose | 0-0: Called Strike 0-1: Ball 1-1: Ground out 4-3 (Groundball, 4M) | Top of the 1st over - 0 runs, 0 hits, 0 errors, 0 left on base; Topeka 0 - Louisville 0 | BOTTOM OF THE 1ST |
---|
Louisville Bats batting - Pitching for Topeka Tornados : RHP Juan Vázquez | Pitching: RHP Juan Vázquez | | Batting: SHB Dave Henley | 0-0: Ground out 6-3 (Groundball, 6) | Batting: LHB Ramón Morales | 0-0: Bunt missed! 0-1: Foul Ball, location: 2F 0-2: Ball 1-2: Foul Ball, location: 2F 1-2: Foul Ball, location: 2F 1-2: Ball 2-2: SOLO HOME RUN (Flyball, 9D), Distance : 381 ft | Batting: SHB Ricardo Arévalo | 0-0: Ball 1-0: Ball 2-0: Foul Ball, location: 2F 2-1: Ground out 4-3 (Groundball, 4) | Batting: RHB Roberto Zamora | 0-0: Called Strike 0-1: Ball 1-1: Foul Ball, location: 2F 1-2: Ball 2-2: Strikes out looking | Bottom of the 1st over - 1 run, 1 hit, 0 errors, 0 left on base; Topeka 0 - Louisville 1 | TOP OF THE 2ND |
---|
Topeka Tornados batting - Pitching for Louisville Bats : RHP Bennie Jones | Batting: LHB Alfredo Sánchez | 0-0: Ball 1-0: Ball 2-0: Called Strike 2-1: Ball 3-1: Foul Ball, location: 2F 3-2: Foul Ball, location: 2F 3-2: Ground out 4-3 (Groundball, 4) | Batting: RHB Santiago Morales | 0-0: Foul Ball, location: 2F 0-1: Ball 1-1: Foul Ball, location: 2F 1-2: Fly out, F8 (Flyball, 8RS) | Batting: SHB Javier Peña | 0-0: Swinging Strike 0-1: Swinging Strike 0-2: Strikes out looking | Top of the 2nd over - 0 runs, 0 hits, 0 errors, 0 left on base; Topeka 0 - Louisville 1 | BOTTOM OF THE 2ND |
---|
Louisville Bats batting - Pitching for Topeka Tornados : RHP Juan Vázquez | Batting: RHB Dick Slagboom | 0-0: Called Strike 0-1: Foul Ball, location: 2F 0-2: Foul Ball, location: 2F 0-2: Foul Ball, location: 2F 0-2: Ball 1-2: Ball 2-2: Ball 3-2: Ground out 5-3 (Groundball, 5) | Batting: RHB Danny Campbell | 0-0: Swinging Strike 0-1: Swinging Strike 0-2: Ball 1-2: Ball 2-2: Fly out, F9 (Flyball, 9LS) | Batting: RHB Juan García | 0-0: Ball 1-0: Ball 2-0: Called Strike 2-1: Foul Ball, location: 2F 2-2: Ball 3-2: Base on Balls | Batting: RHB Júlio Sánchez | 0-0: Called Strike 0-1: Called Strike 0-2: Ground out 4-3 (Groundball, 34) | Bottom of the 2nd over - 0 runs, 0 hits, 0 errors, 1 left on base; Topeka 0 - Louisville 1 | TOP OF THE 3RD |
---|
Topeka Tornados batting - Pitching for Louisville Bats : RHP Bennie Jones | Batting: SHB José Cruz | 0-0: Called Strike 0-1: Ball 1-1: Foul Ball, location: 2F 1-2: Ball 2-2: Foul Ball, location: 2F 2-2: Foul Ball, location: 2F 2-2: Strikes out swinging | Batting: RHB Steve Johnson | 0-0: Ball 1-0: Called Strike 1-1: Swinging Strike 1-2: Ball 2-2: Foul Ball, location: 2F 2-2: Strikes out swinging | Batting: SHB Wayne Matthews | 0-0: Ball 1-0: Ball 2-0: Single, Error in OF, E7, batter to second base | Batting: RHB Rusty Bennett | 0-0: Ball 1-0: Ball 2-0: Called Strike 2-1: Foul Ball, location: 2F 2-2: Ball 3-2: Base on Balls | Batting: SHB Giancarlo Giannini | 0-0: Ball 1-0: Ball 2-0: Called Strike 2-1: Ball 3-1: Foul Ball, location: 2F 3-2: Strikes out swinging | Top of the 3rd over - 0 runs, 1 hit, 1 error, 2 left on base; Topeka 0 - Louisville 1 | BOTTOM OF THE 3RD |
---|
Louisville Bats batting - Pitching for Topeka Tornados : RHP Juan Vázquez | Batting: RHB Luis Peña | 0-0: Called Strike 0-1: Ball 1-1: Called Strike 1-2: Ball 2-2: TRIPLE (Line Drive, 89XD) | Batting: SHB Dave Henley | 0-0: Ball 1-0: Ball 2-0: Swinging Strike 2-1: Swinging Strike 2-2: Foul Ball, location: 2F 2-2: Ground out 6-3 (Groundball, 6) Luis Peña scores | Batting: LHB Ramón Morales | 0-0: Called Strike 0-1: Ball 1-1: Swinging Strike 1-2: Ball 2-2: Ball 3-2: Ground out 3-1 (Groundball, 34) | Batting: SHB Ricardo Arévalo | 0-0: Hit by Pitch | Batting: RHB Roberto Zamora | 0-0: Called Strike 0-1: Ball 1-1: Ball 2-1: Swinging Strike 2-2: Ball 3-2: Base on Balls Ricardo Arévalo to second | Batting: RHB Dick Slagboom | 0-0: Ball 1-0: Ground out 6-3 (Groundball, 6M) | Bottom of the 3rd over - 1 run, 1 hit, 0 errors, 2 left on base; Topeka 0 - Louisville 2 | TOP OF THE 4TH |
---|
Topeka Tornados batting - Pitching for Louisville Bats : RHP Bennie Jones | Batting: LHB Edward Rose | 0-0: Ball 1-0: Called Strike 1-1: Ground out 3-1 (Groundball, 34S) | Batting: LHB Alfredo Sánchez | 0-0: Ground out 6-3 (Groundball, 6) | Batting: RHB Santiago Morales | 0-0: Called Strike 0-1: Foul Ball, location: 2F 0-2: Ball 1-2: Ball 2-2: Ground out 6-3 (Groundball, 6) | Top of the 4th over - 0 runs, 0 hits, 0 errors, 0 left on base; Topeka 0 - Louisville 2 | BOTTOM OF THE 4TH |
---|
Louisville Bats batting - Pitching for Topeka Tornados : RHP Juan Vázquez | Batting: RHB Danny Campbell | 0-0: Ball 1-0: Fly out, F2 (Popup, 3SF) | Batting: RHB Juan García | 0-0: Swinging Strike 0-1: Ball 1-1: Fly out, F3 (Popup, 3SF) | Batting: RHB Júlio Sánchez | 0-0: Ground out 5-3 (Groundball, 56) | Bottom of the 4th over - 0 runs, 0 hits, 0 errors, 0 left on base; Topeka 0 - Louisville 2 | TOP OF THE 5TH |
---|
Topeka Tornados batting - Pitching for Louisville Bats : RHP Bennie Jones | Batting: SHB Javier Peña | 0-0: Ground out 1-3 (Groundball, P) | Batting: SHB José Cruz | 0-0: Ball 1-0: Ball 2-0: Ball 3-0: Called Strike 3-1: Base on Balls | Batting: RHB Steve Johnson | 0-0: Ball 1-0: Foul Ball, location: 2F 1-1: Fly out, F8 (Flyball, 8RM) | Batting: SHB Wayne Matthews | 0-0: Swinging Strike 0-1: Foul Ball, location: 2F 0-2: Strikes out looking | Top of the 5th over - 0 runs, 0 hits, 0 errors, 1 left on base; Topeka 0 - Louisville 2 | BOTTOM OF THE 5TH |
---|
Louisville Bats batting - Pitching for Topeka Tornados : RHP Juan Vázquez | Batting: RHB Luis Peña | 0-0: Called Strike 0-1: SINGLE (Groundball, 56S) (infield hit) | Batting: SHB Dave Henley | 0-0: Ground out 4-3 (Groundball, 4MS) Luis Peña to second | Batting: LHB Ramón Morales | 0-0: Ball Throwing error on steal attempt, E2 Luis Peña scores 1-0: Swinging Strike 1-1: Ball 2-1: Ball 3-1: Foul Ball, location: 2F 3-2: Ground out 4-3 (Groundball, 4M) | Batting: SHB Ricardo Arévalo | 0-0: Ball 1-0: Ball 2-0: Ball 3-0: Base on Balls | Batting: RHB Roberto Zamora | 0-0: Ball 1-0: Ball 2-0: Called Strike 2-1: Swinging Strike 2-2: Strikes out swinging | Bottom of the 5th over - 1 run, 1 hit, 1 error, 1 left on base; Topeka 0 - Louisville 3 | TOP OF THE 6TH |
---|
Topeka Tornados batting - Pitching for Louisville Bats : RHP Bennie Jones | Batting: RHB Rusty Bennett | 0-0: Ball 1-0: Foul Ball, location: 2F 1-1: Ball 2-1: Ball 3-1: Foul Ball, location: 2F 3-2: Strikes out swinging | Batting: SHB Giancarlo Giannini | 0-0: Ball 1-0: Ball 2-0: Swinging Strike 2-1: Ground out 4-3 (Groundball, 4) | Batting: LHB Edward Rose | 0-0: Ball 1-0: Foul Ball, location: 2F 1-1: Foul Ball, location: 2F 1-2: Ground out 4-3 (Groundball, 4) | Top of the 6th over - 0 runs, 0 hits, 0 errors, 0 left on base; Topeka 0 - Louisville 3 | BOTTOM OF THE 6TH |
---|
Louisville Bats batting - Pitching for Topeka Tornados : RHP Juan Vázquez | Batting: RHB Dick Slagboom | 0-0: Called Strike 0-1: SINGLE (Line Drive, 8LS) | Batting: RHB Danny Campbell | 0-0: Swinging Strike 0-1: SINGLE (Flyball, 9LS) Dick Slagboom to second | Batting: RHB Juan García | 0-0: Ball 1-0: Foul Ball, location: 2F 1-1: Ball 2-1: Foul Ball, location: 2F 2-2: Ball 3-2: 3-RUN HOME RUN (Flyball, 7D), Distance : 393 ft | Pitching: LHP Jeff Jackson | | Batting: RHB Júlio Sánchez | 0-0: Ball 1-0: Ball 2-0: Called Strike 2-1: Fly out, F7 (Line Drive, 7S) | Batting: RHB Luis Peña | 0-0: Called Strike 0-1: Swinging Strike 0-2: Foul Ball, location: 2F 0-2: Foul Ball, location: 2F 0-2: Foul Ball, location: 2F 0-2: Ball 1-2: Ball 2-2: Strikes out swinging | Batting: SHB Dave Henley | 0-0: Called Strike 0-1: Fly out, F8 (Flyball, 8RS) | Bottom of the 6th over - 3 runs, 3 hits, 0 errors, 0 left on base; Topeka 0 - Louisville 6 | TOP OF THE 7TH |
---|
Topeka Tornados batting - Pitching for Louisville Bats : RHP Bennie Jones | Batting: LHB Alfredo Sánchez | 0-0: Called Strike 0-1: Called Strike 0-2: Strikes out swinging | Batting: RHB Santiago Morales | 0-0: Ball 1-0: Ball 2-0: Called Strike 2-1: Foul Ball, location: 2F 2-2: Fly out, F7 (Flyball, 7S) | Batting: SHB Javier Peña | 0-0: Ball 1-0: Ball 2-0: Called Strike 2-1: Fly out, F7 (Flyball, 7LS) | Top of the 7th over - 0 runs, 0 hits, 0 errors, 0 left on base; Topeka 0 - Louisville 6 | BOTTOM OF THE 7TH |
---|
Louisville Bats batting - Pitching for Topeka Tornados : LHP Jeff Jackson | Batting: LHB Ramón Morales | 0-0: Ball 1-0: Fly out, F7 (Flyball, 78M) | Batting: SHB Ricardo Arévalo | 0-0: Ball 1-0: Foul Ball, location: 2F 1-1: Foul Ball, location: 2F 1-2: Fly out, F9 (Flyball, 89M) | Batting: RHB Roberto Zamora | 0-0: SINGLE (Groundball, 56D) | Batting: RHB Dick Slagboom | 0-0: Called Strike 0-1: Foul Ball, location: 2F 0-2: Ball 1-2: Foul Ball, location: 2F 1-2: Ball 2-2: Ball 3-2: 2-RUN HOME RUN (Flyball, 7LD), Distance : 364 ft | Batting: SHB Bob Warren | 0-0: Ball 1-0: Ball 2-0: Swinging Strike 2-1: Ball 3-1: Ground out 3-1 (Groundball, 34) | Bottom of the 7th over - 2 runs, 2 hits, 0 errors, 0 left on base; Topeka 0 - Louisville 8 | TOP OF THE 8TH |
---|
Topeka Tornados batting - Pitching for Louisville Bats : RHP Bennie Jones | Now in LF: Bob Warren | | Batting: SHB José Cruz | 0-0: Foul Ball, location: 2F 0-1: Fly out, F7 (Flyball, 7S) | Batting: RHB Steve Johnson | 0-0: Ball 1-0: Called Strike 1-1: Ball 2-1: Ball 3-1: Base on Balls | Batting: SHB Wayne Matthews | 0-0: Called Strike 0-1: SINGLE (Groundball, 3D) Steve Johnson to second Runner from 2nd tries for 3rd, SAFE, no throw | Batting: RHB Rusty Bennett | 0-0: Foul Ball, location: 2F 0-1: Ball 1-1: Ball 2-1: DOUBLE (Flyball, 3D) Steve Johnson scores Wayne Matthews to third | Batting: SHB Giancarlo Giannini | 0-0: Foul Ball, location: 2F 0-1: Ball 1-1: Ball 2-1: Foul Ball, location: 2F 2-2: Foul Ball, location: 2F 2-2: Ball 3-2: Strikes out swinging | Batting: LHB Edward Rose | 0-0: Ball 1-0: Called Strike 1-1: Ball 2-1: Ball 3-1: Foul Ball, location: 2F 3-2: Base on Balls | Pitching: LHP Carlos Menéndez | | Batting: LHB Alfredo Sánchez | 0-0: Ball 1-0: Foul Ball, location: 2F 1-1: Ball 2-1: Ball 3-1: Base on Balls Wayne Matthews scores Rusty Bennett to third Edward Rose to second | Batting: RHB Santiago Morales | 0-0: Ball 1-0: Ball 2-0: Ground out 5-3 (Groundball, 56) | Top of the 8th over - 2 runs, 2 hits, 0 errors, 3 left on base; Topeka 2 - Louisville 8 | BOTTOM OF THE 8TH |
---|
Louisville Bats batting - Pitching for Topeka Tornados : LHP Jeff Jackson | Batting: RHB Juan García | 0-0: Ball 1-0: Called Strike 1-1: Foul Ball, location: 2F 1-2: Ball 2-2: Strikes out swinging | Batting: RHB Júlio Sánchez | 0-0: Ball 1-0: Ball 2-0: Called Strike 2-1: Swinging Strike 2-2: Foul Ball, location: 2F 2-2: Ball 3-2: Foul Ball, location: 2F 3-2: DOUBLE (Line Drive, 7LS) | Batting: RHB Luis Peña | 0-0: Called Strike 0-1: Ball 1-1: Ball 2-1: Ground out 5-3 (Groundball, 56) | Batting: SHB Dave Henley | 0-0: Called Strike 0-1: Ball 1-1: Ball 2-1: Ball 3-1: Foul Ball, location: 2F 3-2: Foul Ball, location: 2F 3-2: SINGLE (Groundball, 4MD) Júlio Sánchez to third Júlio Sánchez scores | Batting: LHB Ramón Morales | 0-0: Ball Dave Henley steals 2nd base 1-0: Called Strike 1-1: Ball 2-1: Ball 3-1: Ground out 6-3 (Groundball, 6M) | Bottom of the 8th over - 1 run, 2 hits, 0 errors, 1 left on base; Topeka 2 - Louisville 9 | TOP OF THE 9TH |
---|
Topeka Tornados batting - Pitching for Louisville Bats : LHP Carlos Menéndez | Batting: SHB Javier Peña | 0-0: Ball 1-0: Foul Ball, location: 2F 1-1: Foul Ball, location: 2F 1-2: Strikes out swinging | Batting: SHB José Cruz | 0-0: Swinging Strike 0-1: Swinging Strike 0-2: Ball 1-2: Strikes out looking | Batting: RHB Steve Johnson | 0-0: Ball 1-0: Swinging Strike 1-1: Swinging Strike 1-2: Ball 2-2: Ball 3-2: Ground out 6-3 (Groundball, 6) | Top of the 9th over - 0 runs, 0 hits, 0 errors, 0 left on base; Topeka 2 - Louisville 9 | |